 Dungeon Crawl Stone Soup version 0.31-a0-182-gc5ef74bbde (webtiles) character file.

Game seed: 895402914594924561

163 gelatine the Chopper (level 5, -5/40 HPs)
             Began as a Demonspawn Gladiator on June 21, 2023.
             Killed by divine providence
             ... invoked by an orc priest
              (10 damage)
             ... on level 3 of the Dungeon.
             The game lasted 00:03:59 (1983 turns).

gelatine the Chopper (Demonspawn Gladiator)         Turns: 1983, Time: 00:03:59

Health: -5/40      AC:  5    Str: 16    XL:     5   Next: 20%
Magic:  5/5        EV: 10    Int:  9    God:
Gold:   104        SH:  7    Dex: 15    Spells: 4/4 levels left

rFire   . . .        a - +0 war axe
rCold   . . .        l - +0 kite shield
rNeg    . . .        i - +0 ring mail
rPois   .            (helmet restricted)
rElec   .            (no cloak)
rCorr   .            (no gloves)
SInv    .            (no boots)
Will    .....        (no amulet)
Stlth   +            (no ring)
HPRegen 0.26/turn    (no ring)
MPRegen 0.09/turn

%: no passive effects
@: no status effects
A: horns 1, ignite blood 1
a: no special abilities


You were on level 3 of the Dungeon.
You visited 1 branch of the dungeon, and saw 3 of its levels.

You collected 104 gold pieces.

Inventory:

Hand Weapons
 a - a +0 war axe (weapon)
Missiles
 d - 3 throwing nets
 e - a javelin
 j - 4 boomerangs (quivered)
Armour
 b - a +0 leather armour
 c - a +0 helmet
 i - a +0 ring mail (worn)
 l - a +0 kite shield (worn)
Scrolls
 f - 2 scrolls of identify {unknown}
 h - 2 scrolls of immolation {unknown}
 k - 4 scrolls of noise {unknown}
 m - a scroll of enchant weapon {unknown}
 o - a scroll of revelation {unknown}
 q - a scroll of blinking {unknown}
Potions
 g - a potion of brilliance {unknown}
 n - 2 potions of attraction {unknown}
 p - a potion of heal wounds {unknown}


   Skills:
 * Level 2.9 Fighting
 * Level 3.8 Axes
 * Level 2.2 Throwing
 * Level 1.4 Armour
 * Level 3.3 Dodging
 * Level 0.7 Shields


You had 4 spell levels left.
You didn't know any spells.
Your spell library contained the following spells:

 Spells                   Type           Power      Damage    Failure   Level
 Gell's Gravitas          Tloc           0%         N/A       100%        3
 Teleport Other           Tloc           0%         N/A       100%        3
 Dispersal                Tloc           0%         N/A       100%        6


Dungeon Overview and Level Annotations

Branches:
Dungeon (3/15)

Altars:


Innate Abilities, Weirdness & Mutations

You have a pair of small horns on your head.
Your demonic aura sometimes causes spilled blood to erupt in flames.


Message History

The gnoll hits you from afar with a +0 spear.
You block the gnoll's attack. The orc priest hits you with a +0 club.
You slash the orc priest!
You kill the orc priest!
The gnoll hits you from afar with a +0 spear!
* * * LOW HITPOINT WARNING * * *
You have reached level 5!
A dart slug comes into view.
You see here 17 gold pieces.
You now have 104 gold pieces (gained 17).
The gnoll throws a throwing net.
You block the throwing net.
You see here a throwing net.
The gnoll barely misses you. The gnoll hits you with a +0 spear.
* * * LOW HITPOINT WARNING * * *
You closely miss the gnoll. The gnoll hits you with a +0 spear.
* * * LOW HITPOINT WARNING * * *
You block the gnoll's attack.
You hit the gnoll.
The gnoll is lightly wounded.
You block the gnoll's attack.
You closely miss the gnoll.
The gnoll is lightly wounded.
You block the gnoll's attack. x2
You slash the gnoll! Your headbutt misses the gnoll.
The gnoll is severely wounded.
The gnoll hits you but does no damage.
You slash the gnoll!
You kill the gnoll!
The dart slug launches a dart at you. The slug dart misses you.
The orc priest completely misses you.
You closely miss the orc priest. You headbutt the orc priest.
The orc priest is moderately wounded.
The orc priest hits you with a +0 whip.
* * * LOW HITPOINT WARNING * * *
You hit the orc priest. Your headbutt misses the orc priest.
The orc priest is moderately wounded.
The orc priest mumbles some strange prayers to Beogh against you.
Beogh smites you!
You die...

.w .#. .. .. . #.#
##. #.. #.# .. ..#
#.# .## #.# #.##
##).# #.# ##w###)#
#.# ##.@o## #.#
##.## #.# #.#
#.############.#
#..............#
###.##############
..#.# #.#.# #.#.#


You could see an orc priest and a dart slug.

Vanquished Creatures
  An orc priest (D:3)
  Terence (D:2)
  5 gnolls
  An adder (D:2)
  A worm (D:2)
  2 orcs (D:3)
  6 ball pythons
  3 bats (D:1)
  An endoplasm (D:1)
  3 giant cockroaches
  5 goblins
  4 hobgoblins
  4 kobolds
  5 quokkas
  5 frilled lizards
  2 rats (D:2)
49 creatures vanquished.

Notes
Turn   | Place    | Note
-------+----------+-------------------------------------------
     0 | D:1      | gelatine the Demonspawn Gladiator began the quest for the
                  | Orb.
     0 | D:1      | Reached XP level 1. HP: 16/16 MP: 1/1
   312 | D:1      | Gained mutation: You have a pair of small horns on your
                  | head. [demonic ancestry]
   312 | D:1      | Reached XP level 2. HP: 14/22 MP: 2/2
   491 | D:1      | Found a faded altar of an unknown god.
   695 | D:2      | Gained mutation: Your demonic aura sometimes causes spilled
                  | blood to erupt in flames. [demonic ancestry]
   695 | D:2      | Reached XP level 3. HP: 21/27 MP: 3/3
   784 | D:2      | Noticed Terence
   788 | D:2      | Killed Terence
   804 | D:2      | Reached skill level 1 in Armour
   804 | D:2      | Reached XP level 4. HP: 33/34 MP: 4/4
  1968 | D:3      | Reached XP level 5. HP: 8/40 MP: 5/5
  1983 | D:3      | Killed from afar by an orc priest

Illustrated notes

Levels and vault maps discovered:
D:1:      nzn_arrival_settlement, layout_rooms,
          shapermc_ecumenical_altar_mp_highgroup
D:2:      cheibrodos_helix_gallery, layout_basic,
          hangedman_decor_clover_reticule, uniq_terence
D:3:      layout_loops_ring, minmay_quantized

Skill      XL: |  1  2  3 |
---------------+----------+-----
Axes           | 3 |  3.8
Dodging        | 3 |  3.3
Throwing       | 2 |  2.2
Armour         | 1 |  1.4
Fighting       | |  2.9
Shields        | |  0.7

Action                     |  1- 3 |  4- 6 || total
---------------------------+-------+-------++-------
  Melee: War axe           |    87 |    46 ||   133
         Headbutt          |     7 |     9 ||    16
  Throw: Boomerang         |     8 |    13 ||    21
 Armour: Ring mail         |    35 |    11 ||    46
  Dodge: Dodged            |    48 |    12 ||    60
  Block: Kite shield       |    25 |    26 ||    51

Table legend: (Time is in decaauts)
 A = Elapsed time spent in this place.
 B = Non-inter-level travel time spent in this place.
 C = Inter-level travel time spent in this place.
 D = Time resting spent in this place.
 E = Time spent auto-exploring this place.
 F = Levels seen in this place.
 G = Mean time per level.
                   A        B        C        D        E       F      G
               +--------+--------+--------+--------+--------+-----+--------+
         Total |   2056 |   2026 |     30 |      0 |   1579 |   3 |  685.3 |
       Dungeon |   2056 |   2026 |     30 |      0 |   1579 |   3 |  685.3 |
               +--------+--------+--------+--------+--------+-----+--------+

Top non-repeatable levels by time:
     D:2: 1228 daAuts
     D:1: 674 daAuts
     D:3: 154 daAuts
